Map: Honorgrounds LE

Players

Ryung

  • Race: Terran Terran
  • Spawn Location: 11:00

INnoVation - Winner!

  • Race: Terran Terran
  • Spawn Location: 7:00

Event: IEM XI Katowice - World Championship 2017

VOD

Have the link to the VOD?

Description

Time

  • Played on: March 4, 2017, 5 a.m.
  • Length: 3:21

All games in this series

Show
View Real Time Build Order
Export as new Build Order

Ryung Terran 

Build Orders: Reaper Expand 

Get SALT Encoding   

  12  0:00  SCV  
  13  0:12  SCV  
  14  0:18  Supply Depot  
  14  0:24  SCV  
  15  0:29  Refinery  
  15  0:40  SCV  
  16  0:46  Barracks  
  16  0:52  SCV  
  17  1:04  SCV  
  18  1:16  SCV  
  19  1:33  Orbital Command  
  19  1:34  Reaper  
  20  1:46  Command Center  
  20  1:58  Factory  
  20  2:00  SCV  
  21  2:06  Refinery  
  21  2:08  Barracks Reactor  
  21  2:12  SCV  
  22  2:19  Supply Depot  
  22  2:25  SCV  
  23  2:41  Hellion  
  25  2:45  Marine x2  
  25  2:46  Starport  
  25  2:48  SCV  
  25  3:03  Marine x2  
Show
View Real Time Build Order
Export as new Build Order

INnoVation Terran - Winner!

Build Orders:  

Get SALT Encoding   

  12  0:00  SCV  
  13  0:12  SCV  
  14  0:18  Supply Depot  
  14  0:24  SCV  
  15  0:39  Barracks  
  15  0:44  Refinery  
  15  0:57  Barracks  
  15  1:01  SCV  
  16  1:13  SCV  
  17  1:26  Barracks  
  17  1:27  Reaper  
  18  1:38  Orbital Command  
  18  1:45  Reaper  
  19  1:49  Refinery  
  19  2:04  Reaper  
  19  2:06  Supply Depot  
  20  2:09  SCV  
  21  2:19  Reaper  
  21  2:22  SCV  
  23  2:28  Reaper  
  24  2:35  SCV  
  26  2:37  Reaper  
  26  2:45  Supply Depot  
  26  2:48  Bunker  
  26  2:57  SCV  
  29  3:09  SCV  

Tags
 
Add a new tag
Caveats
  • Supply blocks, unpowered buildings, or Contaminate may cause inaccurate times.
  • Supply counts are checked every 10 seconds.